 Dungeon Crawl Stone Soup version 0.31-a0-177-g4aa6249778 (webtiles) character file.

Game seed: 13833770576599597925

7 Hajna the Sneak (level 1, -1/9 HPs)
             Began as a Spriggan Earth Elementalist on June 19, 2023.
             Was a Believer of Jiyva.
             Slain by a gnoll
             ... wielding a +0 club
              (2 damage)
             ... on level 2 of the Dungeon.
             The game lasted 00:02:48 (666 turns).

Hajna the Sneak (Spriggan Earth Elementalist)        Turns: 666, Time: 00:02:49

Health: -1/9       AC:  2    Str:  4    XL:     1   Next: 83%
Magic:  3/5        EV: 17    Int: 16    God:    Jiyva [**....]
Gold:   56         SH:  0    Dex: 15    Spells: 4/5 levels left

rFire   . . .        (weapon restricted)
rCold   . . .        (no shield)
rNeg    . . .        a - +0 robe
rPois   .            (helmet restricted)
rElec   .            (no cloak)
rCorr   +            (gloves unavailable)
SInv    +            (boots unavailable)
Will    .....        (no amulet)
Stlth   ++           (no ring)
HPRegen 1.17/turn    (no ring)
MPRegen 0.39/turn

%: no passive effects
@: very quick
A: very small, no large weapons, unfitting armour, see invisible, speed 3
a: Renounce Religion


You were on level 2 of the Dungeon.
You worshipped Jiyva.
Jiyva was pleased with you.
You visited 1 branch of the dungeon, and saw 2 of its levels.

You collected 56 gold pieces.

Inventory:

Armour
 a - a +0 robe (worn)
Potions
 b - a potion of magic
 c - a potion of curing {unknown}


   Skills:
 + Level 2.8 Dodging
 + Level 3.0 Stealth
 + Level 2.8 Spellcasting
 + Level 1.3 Transmutations
 + Level 3.0 Earth Magic


You had 4 spell levels left.
You knew the following spells:

 Your Spells              Type           Power      Damage    Failure   Level
a - Sandblast             Erth           24%        2d8       5%          1

Your spell library contained the following spells:

 Spells                   Type           Power      Damage    Failure   Level
 Passwall                 Tmut/Erth      7%         N/A       12%         2
 Stone Arrow              Conj/Erth      14%        3d7       30%         3
 Petrify                  Tmut/Erth      9%         N/A       58%         4


Dungeon Overview and Level Annotations

Branches:
Dungeon (2/15)

Altars:
Jiyva


Innate Abilities, Weirdness & Mutations

You are very small and have problems with some larger weapons.
You are too small for most types of armour.
You have supernaturally acute eyesight. (SInv)
You cover ground extremely quickly. (Speed+++)


Message History

The blast of sand misses the kobold.
The blast of sand hits the kobold but does no damage.
The blast of sand hits the kobold!
You kill the kobold!
You hear a distant slurping noise.
Things that are here:
a +0 dagger; a stone; a kobold corpse
Things that are here:
a +0 dagger; a stone; a kobold corpse Done exploring.
Done exploring.
(D) Dungeon
Where to? (Enter - D:1 @ (x,y), ? - help)
You hear a distant slurping noise.
There is a stone staircase leading down here.
You climb downwards.
There is a stone staircase leading up here.
A gnoll comes into view. It is wielding a +0 halberd.
A gnoll comes into view.
It is wielding a +0 club. 3 gnolls come into view.
The gnoll shouts! x3
A gnoll comes into view. It is wielding a +0 club.
The gnoll shouts!
You hear a bark!
The blast of sand hits the gnoll.
The gnoll is lightly wounded.
The blast of sand hits the gnoll!
The gnoll is severely wounded.
The blast of sand hits the gnoll.
The gnoll is heavily wounded.
A gnoll comes into view. It is wielding a +0 halberd.
The gnoll misses you.
The blast of sand hits the gnoll.
The gnoll is heavily wounded.
The gnoll shouts!
The gnoll hits you with a +0 club.
Ouch! That really hurt!
The gnoll hits you from afar with a +0 halberd.
* * * LOW HITPOINT WARNING * * *
The gnoll completely misses you. The gnoll hits you with a +0 club.
You die...

# # ##.#. ...g.#
.....g# #...##
...#.#g########
#.....ggg@....# #
#..#.gg######.#####...#
# #..... #..<....#
...g.... #######...#
#.......# # ####....#
##.#.# ..


You could see 6 gnolls.

Vanquished Creatures
  4 bats (D:1)
  2 ball pythons (D:1)
  A frilled lizard (D:1)
  A kobold (D:1)
8 creatures vanquished.

Notes
Turn   | Place    | Note
-------+----------+-------------------------------------------
     0 | D:1      | Hajna the Spriggan Earth Elementalist began the quest for
                  | the Orb.
     0 | D:1      | Reached XP level 1. HP: 9/9 MP: 5/5
   105 | D:1      | Found a faded altar of an unknown god.
   108 | D:1      | Prayed at the altar of an unknown god.
   108 | D:1      | Became a worshipper of Jiyva Jost the Shapeless
   108 | D:1      | Reached * piety under Jiyva
   325 | D:1      | Reached ** piety under Jiyva
   666 | D:2      | Slain by a gnoll

Illustrated notes

Levels and vault maps discovered:
D:1:      dpeg_arrival_windows_large_door, layout_loops_cross,
          shapermc_ecumenical_altar_mp_vishouse
D:2:      layout_loops_cross, hangedman_decor_growths,
          minmay_misc_feat_secret_circle, uniq_natasha

Skill      XL: |  1 |
---------------+----+-----
Earth Magic    | 3 |  3.0
Dodging        | |  2.8
Stealth        | |  3.0
Spellcasting   | |  2.8
Transmutations | |  1.3

Action                     || total
---------------------------++-------
  Melee: Unarmed           ||     2
   Cast: Sandblast         ||    17
 Armour: Robe              ||     2
  Dodge: Dodged            ||     7

Table legend: (Time is in decaauts)
 A = Elapsed time spent in this place.
 B = Non-inter-level travel time spent in this place.
 C = Inter-level travel time spent in this place.
 D = Time resting spent in this place.
 E = Time spent auto-exploring this place.
 F = Levels seen in this place.
 G = Mean time per level.
                   A        B        C        D        E       F      G
               +--------+--------+--------+--------+--------+-----+--------+
         Total |    430 |    405 |     25 |      0 |    357 |   2 |  215.0 |
       Dungeon |    430 |    405 |     25 |      0 |    357 |   2 |  215.0 |
               +--------+--------+--------+--------+--------+-----+--------+

Top non-repeatable levels by time:
     D:1: 417 daAuts
     D:2: 13 daAuts
